 Dungeon Crawl Stone Soup version 0.29-a0-321-gf1c400731a (webtiles) character file.

Game seed: 939995639779162717

88 YayAnonymity the Shield-Bearer (level 4, 0/34 (35) HPs)
             Began as a Formicid Fighter on Apr 5, 2022.
             Slain by Sigmund
             ... wielding a +3 scythe of protection
              (6 damage)
             ... on level 2 of the Dungeon.
             The game lasted 00:03:10 (2008 turns).

YayAnonymity the Shield-Bearer (Formicid Fighter)   Turns: 2008, Time: 00:03:10

HP:   0/34 (35)     AC:  7    Str: 22    XL:     4   Next: 81%
MP:   4/4           EV:  9    Int:  8    God:
Gold: 96            SH:  4    Dex: 10    Spells: 3/3 levels left

rFire   + . .      SeeInvis +   a - +0 war axe
rCold   + . .      Faith    .   c - +0 buckler
rNeg    . . .      Spirit   .   b - +0 scale mail
rPois   .          Reflect  .   (helmet unavailable)
rElec   .          Harm     .   o - scarf {rC+ rF+}
rCorr   .          Rampage  .   (no gloves)
Will    .....                   (no boots)
Stlth   ..........              (no amulet)
HPRegen 0.11/turn               (no ring)
MPRegen 0.09/turn               (no ring)

@: mighty, lightly drained
A: permanent stasis, dig shafts and tunnels, antennae 3, four strong arms
a: Dig, Shaft Self


You were on level 2 of the Dungeon.
You visited 1 branch of the dungeon, and saw 2 of its levels.

You collected 96 gold pieces.

Inventory:

Hand Weapons
 a - a +0 war axe (weapon)
Armour
 b - a +0 scale mail (worn)
 c - a +0 buckler (worn)
 o - a scarf of resistance (worn)
Scrolls
 e - a scroll of amnesia {unknown}
 g - a scroll of noise {unknown}
 h - a scroll of enchant armour {unknown}
 k - 2 scrolls of teleportation {unknown}
 l - a scroll of fear {unknown}
 n - a scroll of torment {unknown}
Potions
 f - 2 potions of brilliance {unknown}
 j - a potion of flight {unknown}
 m - a potion of magic {unknown}


   Skills:
 - Level 3.2 Fighting
 * Level 3.9 Axes
 - Level 4.0 Armour
 - Level 4.0 Shields


You had 3 spell levels left.
You didn't know any spells.
Your spell library was empty.

Dungeon Overview and Level Annotations

Branches:
Dungeon (2/15)

Altars:

Annotations:
D:2 Sigmund


Innate Abilities, Weirdness & Mutations

You cannot be hasted, slowed, berserked, paralysed or teleported.
You can dig through walls and to a lower floor.
You have a pair of large antennae on your head. (SInv)
Your four strong arms can wield two-handed weapons with a shield.


Message History

Press: ? - help, Q - select action, (/) - cycle Shift-Dir - straight line, f/p - Sigmund
Aim: Sigmund, wielding a +3 scythe of protection and wearing a +0 robe (slightly transparent, 52% to hit)
You throw a poisoned dart. The poisoned dart hits Sigmund.
Sigmund is poisoned.
Throw: dart (poison)
Press: ? - help, Q - select action, (/) - cycle Shift-Dir - straight line, f/p - Sigmund
Aim: Sigmund, wielding a +3 scythe of protection and wearing a +0 robe (slightly transparent, poisoned, 52% to hit)
You throw a poisoned dart.
The poisoned dart barely misses Sigmund.
Sigmund hits you from afar with a +3 scythe of protection.
Sigmund barely misses you.
You closely miss Sigmund.
Sigmund is lightly wounded.
The dart slug launches a dart at you.
The slug dart hits Sigmund.
Sigmund hits you with a +3 scythe of protection!
You barely miss Sigmund.
Sigmund is moderately wounded.
Sigmund looks more healthy.
The dart slug launches a dart at you.
The slug dart hits Sigmund but does no damage.
Sigmund barely misses you.
You barely miss Sigmund.
Sigmund is moderately wounded.
You barely miss Sigmund.
Sigmund is moderately wounded.
Sigmund barely misses you.
You barely miss Sigmund.
Sigmund is moderately wounded.
Sigmund hits you with a +3 scythe of protection!
You completely miss Sigmund.
Sigmund is moderately wounded.
Sigmund points at you and mumbles some strange words.
The magic dart hits you.
* * * LOW HITPOINT WARNING * * *
You feel very mighty all of a sudden. You block Sigmund's attack.
You slash Sigmund!
Sigmund is severely wounded.
Sigmund hits you with a +3 scythe of protection.
You die...

......#................{#########
......#.#.####.##....##..........
......#.#..#..........#..........
......#.##.#.#.##.....#..........
......#.##.#.#.##.....#.#####....
♣.....#.##.#.#.##....(#.# #....
♣♣♣...#.##.#.#...w(...#.# #....
♣...#.##.#.####@......# #....
♣♣..#.##.#.###@.#####..# #....
♣♣##.##.#.##<#.# #♣.♣ #....
#.##.#.##.#.# .♣ #.... #.#
#.##.#.# .♣ #.... #.##.#.##.#.#
.♣ #.##.#...♣♣.♣ .♣
#.##.##♣♣.♣.♣♣ .♣
#.####.##.#♣♣♣...P♣
#......##.♣♣P..P♣♣#


You could see Sigmund (invisible) and a dart slug.

Vanquished Creatures
  Jessica (D:2)
  3 adders (D:2)
  2 dart slugs
  8 ball pythons
  2 endoplasms
  A giant cockroach (D:1)
  A goblin (D:2)
  2 hobgoblins (D:1)
  3 quokkas
  4 bats (D:1)
  2 kobolds
  4 rats
33 creatures vanquished.

Vanquished Creatures (others)
  3 plants
3 creatures vanquished.

Grand Total: 36 creatures vanquished

Notes
Turn   | Place    | Note
-------+----------+-------------------------------------------
     0 | D:1      | YayAnonymity the Formicid Fighter began the quest for the
                  | Orb.
     0 | D:1      | Reached XP level 1. HP: 18/18 MP: 1/1
   356 | D:1      | Reached XP level 2. HP: 20/24 MP: 2/2
  1234 | D:2      | Found a faded altar of an unknown god.
  1244 | D:2      | Reached XP level 3. HP: 28/29 MP: 3/3
  1249 | D:2      | Noticed Jessica
  1259 | D:2      | Killed Jessica
  1260 | D:2      | Reached XP level 4. HP: 27/35 MP: 4/4
  1786 | D:2      | Noticed Sigmund
  2008 | D:2      | Slain by Sigmund

Illustrated notes

Levels and vault maps discovered:
D:1:      minmay_arrival_stone_box, layout_basic, dreamdust_mushroom_princess,
          minmay_misc_feat_alley, kennysheep_boxes
D:2:      layout_basic, chequers_ecumenical_altar_island, serial_forest,
          infiniplex_forest_straight_2, infiniplex_forest_lined_ring,
          infiniplex_forest_lined_room_3, infiniplex_forest_clump_long,
          infiniplex_forest_lined_3_way, infiniplex_forest_diagonal,
          infiniplex_forest_end_3, hex_intersection, hangedman_decor_lopped,
          uniq_sigmund, uniq_jessica

Skill      XL: |  1  2  3  4 |
---------------+-------------+-----
Shields        | 4 |  4.0
Axes           | 3 |  3.9
Armour         | 4 |  4.0
Fighting       | |  3.2

Action                   |  1- 3 |  4- 6 || total
-------------------------+-------+-------++-------
Melee: War axe           |    56 |    55 ||   111
Throw: Dart              |     2 |     6 ||     8
 Abil: Dig               |       |     1 ||     1
  Use: Potion            |       |     1 ||     1
Armor: Scale mail        |    29 |    26 ||    55
Dodge: Dodged            |    31 |    27 ||    58
Block: Buckler           |    15 |    13 ||    28

Table legend: (Time is in decaauts)
 A = Elapsed time spent in this place.
 B = Non-inter-level travel time spent in this place.
 C = Inter-level travel time spent in this place.
 D = Time resting spent in this place.
 E = Time spent auto-exploring this place.
 F = Levels seen in this place.
 G = Mean time per level.
                   A        B        C        D        E       F      G
               +--------+--------+--------+--------+--------+-----+--------+
         Total |   2053 |   2027 |     26 |    516 |   1149 |   2 | 1026.5 |
       Dungeon |   2053 |   2027 |     26 |    516 |   1149 |   2 | 1026.5 |
               +--------+--------+--------+--------+--------+-----+--------+

Top non-repeatable levels by time:
     D:1: 1402 daAuts
     D:2: 651 daAuts
